Map: Frozen Temple

Players

Gracz

  • Race: Protoss Protoss
  • League: Silver

EatOrange - Winner!

  • Race: Terran Terran

VOD

Have the link to the VOD?

Description

Time

  • Played on: Oct. 3, 2016, 11:35 a.m.
  • Length: 11:44
Show
View Real Time Build Order
Export as new Build Order

Gracz Protoss 

Build Orders:  

Get SALT Encoding   

  12  0:01  Probe (Chrono Boost)  
  13  0:19  Pylon  
  13  0:23  Pylon  
  13  0:29  Probe (Chrono Boost)  
  14  0:46  Gateway  
  14  0:52  Gateway  
  14  1:01  Probe (Chrono Boost)  
  15  1:12  Probe (Chrono Boost)  
  15  1:14  Assimilator  
  16  1:22  Probe (Chrono Boost)  
  17  1:33  Probe (Chrono Boost)  
  18  1:40  Cybernetics Core  
  18  1:43  Probe (Chrono Boost)  
  20  1:54  Probe (Chrono Boost)  
  20  1:57  Pylon  
  20  2:05  Probe (Chrono Boost)  
  21  2:15  Probe (Chrono Boost)  
  22  2:18  Nexus  
  22  2:26  Probe (Chrono Boost)  
  23  2:31  Warp Gate  
  23  2:32  Robotics Facility  
  23  2:37  Assimilator  
  23  2:54  Adept  
  25  3:10  Probe (Chrono Boost)  
  25  3:12  Stalker  
  26  3:13  Pylon  
  28  3:23  Probe (Chrono Boost)  
  30  3:35  Probe (Chrono Boost)  
  30  3:38  Assimilator, Probe (Chrono Boost)  
  30  3:41  Assimilator  
  31  3:45  Stalker  
  31  3:47  Probe (Chrono Boost)  
  33  3:50  Sentry, Probe (Chrono Boost)  
  37  3:59  Probe (Chrono Boost)  
  37  4:02  Probe (Chrono Boost)  
  39  4:05  Gateway  
  39  4:08  Gateway  
  40  4:11  Probe (Chrono Boost)  
  40  4:16  Gateway  
  40  4:42  Stalker  
  40  4:46  Stalker  
  44  4:57  Pylon  
  44  4:59  Stargate  
  44  5:00  Stargate  
  44  5:05  Probe (Chrono Boost)  
  44  5:06  Probe (Chrono Boost)  
  46  5:18  Probe x2 (Chrono Boost)  
  48  5:23  Stalker  
  48  5:26  Stalker  
  48  5:27  Stalker  
  48  5:28  Stalker x2  
  57  5:30  Probe (Chrono Boost)  
  59  5:41  Twilight Council  
  59  5:44  Pylon  
  59  5:49  Probe (Chrono Boost)  
  61  5:50  Probe (Chrono Boost)  
  61  5:51  Stalker  
  61  5:53  Sentry  
  65  6:02  Probe (Chrono Boost)  
  66  6:14  Stalker x2  
  66  6:15  Stalker  
  72  6:22  Probe x2 (Chrono Boost)  
  74  6:27  Blink  
  74  6:34  Probe (Chrono Boost)  
  74  6:35  Probe (Chrono Boost)  
  76  6:43  Stalker  
  78  6:51  Pylon  
  78  6:56  Templar Archives  
  78  7:01  Pylon  
  78  7:04  Pylon  
  78  7:06  Pylon  
  78  7:09  Pylon  
  78  7:14  Stalker  
  78  7:15  Stalker  
  82  7:19  Void Ray  
  82  7:21  Pylon  
  82  7:24  Pylon  
  82  7:28  Pylon  
  86  7:32  Pylon  
  86  7:57  Stalker  
  86  7:58  Stalker, Nexus  
  90  8:00  Pylon  
  90  8:07  Pylon  
  78  9:02  Stalker x2  
  60  9:03  Stalker  
  54  9:10  Void Ray  
  54  9:14  Stalker x2  
  54  9:16  Void Ray  
  52  9:42  Pylon  
  52  9:44  Pylon  
  52  9:48  Pylon  
  50  9:54  Pylon  
  34  10:30  Pylon  
  34  10:31  Pylon  
  29  10:43  Void Ray  
  29  11:03  Pylon  
  19  11:05  Pylon  
  19  11:06  Pylon  
  19  11:07  Pylon  
  11  11:14  Pylon  
  11  11:16  Pylon  
Show
View Real Time Build Order
Export as new Build Order

EatOrange Terran - Winner!

Build Orders: MMM Bio 

Get SALT Encoding   

  12  0:10  Supply Depot  
  12  0:15  SCV  
  13  0:34  Barracks  
  13  0:39  Refinery  
  13  0:41  SCV  
  14  1:05  SCV  
  15  1:17  SCV  
  16  1:20  Barracks  
  16  1:24  Supply Depot  
  16  1:29  SCV  
  16  1:30  Barracks Reactor  
  17  1:41  Refinery  
  17  1:47  Orbital Command  
  17  2:15  Barracks Tech Lab  
  17  2:23  Barracks  
  17  2:32  Factory  
  17  2:42  Stimpack  
  17  2:47  SCV  
  17  2:48  Marine  
  19  2:59  SCV  
  20  3:11  SCV  
  20  3:12  Barracks Tech Lab  
  21  3:21  Factory Tech Lab  
  21  3:23  Starport  
  21  3:25  Marine  
  21  3:26  Marine  
  23  3:32  Combat Shields  
  23  3:40  Siege Tank  
  26  4:03  Command Center  
  26  4:06  Medivac  
  28  4:10  Marine  
  28  4:11  Marine  
  28  4:15  Marine  
  31  4:58  Starport Reactor  
  31  5:08  Engineering Bay  
  31  5:12  Supply Depot  
  31  5:20  Barracks  
  31  5:35  Engineering Bay  
  31  5:36  Supply Depot  
  31  5:44  SCV, Orbital Command  
  32  5:56  SCV  
  33  6:17  Barracks Reactor, Marine x3  
  33  6:18  Marine  
  37  6:35  Marine  
  37  6:36  Marauder x2  
  42  6:42  Terran Infantry Weapons Level 1  
  42  6:43  Terran Infantry Armor Level 1  
  42  6:51  Starport  
  42  6:55  Factory, Concussive Shells  
  42  6:57  Marauder x2  
  46  7:19  Marauder x2  
  50  7:25  SCV  
  51  7:37  Starport Tech Lab, SCV  
  51  7:39  Medivac x2  
  51  7:41  Factory Tech Lab  
  56  7:49  SCV  
  57  8:01  SCV  
  58  8:16  Marine x3  
  58  8:17  Marine  
  62  8:26  Supply Depot  
  62  8:48  Marine x4, Supply Depot  
  60  9:06  Marauder  
  59  9:11  Supply Depot  
  56  9:34  Marine x4  
  60  9:44  Factory  
  60  9:45  Marine x2  
  62  9:52  Marine  
  63  10:03  Marauder  
  61  10:13  Medivac x3  
  66  10:14  High Capacity Fuel Tanks  
  66  10:37  Supply Depot  
  66  10:41  Refinery  
  66  10:43  Medivac, Refinery  
Tags
 
Add a new tag
Caveats
  • Supply blocks, unpowered buildings, or Contaminate may cause inaccurate times.
  • Supply counts are checked every 10 seconds.